 Dungeon Crawl Stone Soup version 0.20-b1-18-gaa2fd62 (webtiles) character file.

174 MTVSty1e the Insei (level 5, -2/42 HPs)
             Began as an Octopode Transmuter on May 24, 2017.
             Slain by a wight
             ... wielding a cursed +0 great sword
              (7 damage)
             ... on level 3 of the Dungeon.
             The game lasted 00:07:10 (3790 turns).

MTVSty1e the Insei (Octopode Transmuter)            Turns: 3790, Time: 00:07:11

Health: -2/42      AC:  5    Str:  9    XL:     5   Next: 54%
Magic:  5/9        EV: 11    Int: 16    God:
Gold:   138        SH:  0    Dex: 13    Spells: 2/9 levels left

rFire    x . .     SeeInvis .     - Unarmed
rCold    + + +     Gourm    .   (shield currently unavailable)
rNeg     . . .     Faith    .   (helmet currently unavailable)
rPois    +         Spirit   .   r - amulet of regeneration
rElec    .         Reflect  .   (no ring)
rCorr    .         Harm     .   (no ring)
MR       .....                  (no ring)
Stlth    +.........             (no ring)
Regen    0.6/turn               (no ring)
MPRegen  0.2/turn               (no ring)
                                (no ring)
                                (no ring)

@: ice-form, drained
A: almost no armour, stealthy swim, amphibious, 8 rings, (constrict 8)
a: End Transformation


You were on level 3 of the Dungeon.
You were not hungry.
You were a creature of crystalline ice.
You visited 1 branch of the dungeon, and saw 4 of its levels.

You collected 138 gold pieces.

Inventory:

Armour
 g - a +0 shield
Jewellery
 r - an amulet of regeneration (around neck)
Scrolls
 c - a scroll of noise {unknown}
 e - 4 scrolls of identify {unknown}
 j - a scroll of remove curse {unknown}
 k - a scroll of teleportation {unknown}
 n - 2 scrolls of amnesia {unknown}
 p - 4 scrolls of magic mapping {unknown}
Potions
 a - a potion of curing {unknown}
 f - 2 potions of flight {unknown}
 h - a potion of ambrosia {unknown}
 i - 2 potions of mutation {unknown}
 m - a potion of might {unknown}
 o - a potion of resistance {unknown}
Books
 b - a book of Changes

   Spells                             Type                      Level
   a - Beastly Appendage              Transmutation                1
   b - Sticks to Snakes               Transmutation                2
   c - Spider Form                    Transmutation/Poison         3
   d - Ice Form                       Ice/Transmutation            4
   e - Blade Hands                    Transmutation                5
Comestibles
 d - 4 meat rations


   Skills:
 * Level 2.3(2.0) Fighting
 + Level 3.0(2.7) Dodging
 + Level 1.3(0.9) Shields
 + Level 3.3(3.0) Unarmed Combat
 + Level 2.8(2.5) Spellcasting
 + Level 2.5(2.2) Transmutations
 * Level 1.4(1.0) Ice Magic


You had 2 spell levels left.
You knew the following spells:

 Your Spells              Type           Power        Failure   Level  Hunger
a - Beastly Appendage     Tmut           #.....       8%          1    #......
b - Sticks to Snakes      Tmut           #.......     12%         2    ##.....
c - Ice Form              Ice/Tmut       #.......     69%         4    #####..


Dungeon Overview and Level Annotations

Branches:
Dungeon (4/15)
 Temple: D:4-7

Altars:
Ru

Annotations:
D:4 Grinder, Menkaure


Innate Abilities, Weirdness & Mutations

You cannot wear most types of armour.
You are very stealthy in the water. (Stealth+)
You are amphibious.
You can wear up to eight rings at the same time.
((You can use your tentacles to constrict eight enemies at once.))
((Your skin changes colour to match your surroundings (Stealth+).))
((Your rubbery body absorbs attacks. (AC +1, EV +1)))


Message History

Confirm with . or Enter, or press ? or * to list all spells.
You don't have anything to turn into a snake.
Casting: Sticks to Snakes
Confirm with . or Enter, or press ? or * to list all spells.
You don't have anything to turn into a snake.
Casting: Sticks to Snakes
Confirm with . or Enter, or press ? or * to list all spells.
The spell is very dangerous to cast!
Continue anyway?
Your tentacle spike disappears.
You turn into a creature of crystalline ice.
The wight barely misses you.
You punch the wight!
The wight is moderately damaged.
You barely miss the wight.
The wight is moderately damaged.
The wight barely misses you.
You hit the wight.
The wight is heavily damaged.
The wight hits you with a great sword!
You die...

#.# #)# #.# .#
#.##### #.#
##.....# #.#
##...##.# #.#
#.....# #.#
##...## # #.#
##.######.###.###
.......##)#......
#.Yz.....#
##########


You could see a wight.

Vanquished Creatures
  2 wights (D:3)
  An adder (D:3)
  2 oozes
  2 worms (D:2)
  3 dart slugs (D:1)
  4 leopard geckos
  An orc (D:3)
  A ball python (D:1)
  5 bats
  2 giant cockroaches (D:2)
  3 goblins
  5 hobgoblins
  3 jackals (D:2)
  A quokka (D:2)
  6 frilled lizards
  5 kobolds
  15 rats
61 creatures vanquished.

Notes
Turn   | Place    | Note
-------+----------+-------------------------------------------
     0 | D:1      | MTVSty1e the Octopode Transmuter began the quest for the Orb.
     0 | D:1      | Reached XP level 1. HP: 13/13 MP: 3/3
   250 | D:1      | Reached XP level 2. HP: 8/18 MP: 3/5
   749 | D:1      | Learned a level 2 spell: Sticks to Snakes
  1264 | D:1      | Reached XP level 3. HP: 23/23 MP: 4/6
  2338 | D:2      | You fall through a shaft for 2 floors!
  2339 | D:4      | Noticed Grinder
  2345 | D:4      | Noticed Menkaure
  2357 | D:3      | Reached XP level 4. HP: 29/29 MP: 5/7
  2365 | D:3      | Learned a level 4 spell: Ice Form
  2932 | D:2      | Found a sacrificial altar of Ru.
  2955 | D:2      | Reached skill level 1 in Shields
  3724 | D:3      | Reached skill level 1 in Ice Magic
  3724 | D:3      | Reached XP level 5. HP: 13/34 MP: 9/9
  3790 | D:3      | Slain by a wight

Skill      XL: |  1  2  3  4 |
---------------+-------------+-----
Shields        | 1 |  1.3
Fighting       | 2 |  2.3
Dodging        | 3 |  3.0
Ice Magic      | 1 |  1.4
Unarmed Combat | |  3.3
Spellcasting   | |  2.8
Transmutations | |  2.5

Action                   |  1- 3 |  4- 6 || total
-------------------------+-------+-------++-------
Melee: Unarmed           |   106 |    64 ||   170
       Constrict         |    27 |    11 ||    38
       Tentacles         |    12 |    10 ||    22
       Kick              |    19 |    17 ||    36
       Punch             |     2 |     1 ||     3
 Cast: Beastly Appendage |    28 |    11 ||    39
       Ice Form          |       |     1 ||     1
 Stab: Sleeping          |     3 |     3 ||     6
  Eat: Chunk             |     2 |       ||     2
       Bread ration      |     1 |     1 ||     2
       Royal jelly       |       |     1 ||     1
Armor: Skin              |    10 |     2 ||    12
Dodge: Dodged            |    57 |    41 ||    98
Block: Shield            |     1 |       ||     1
